 Dungeon Crawl Stone Soup version 0.30-a0-691-g754fce4c43 (webtiles) character file.

Game seed: 10002932259256360504

104 DeathSun the Cudgeller (level 4, 0/39 HPs)
             Began as a Minotaur Fighter on Jan 19, 2023.
             Slain by a worm (3 damage)
             ... on level 2 of the Dungeon.
             The game lasted 00:01:56 (1036 turns).

DeathSun the Cudgeller (Minotaur Fighter)           Turns: 1036, Time: 00:01:56

Health: 0/39       AC:  6    Str: 22    XL:     4   Next: 52%
Magic:  3/3        EV:  9    Int:  5    God:
Gold:   86         SH:  4    Dex: 10    Spells: 3/3 levels left

rFire   . . .      SeeInvis .    a - +0 flail
rCold   . . .      Faith    .    c - +0 buckler
rNeg    . . .      Spirit   .    b - +0 scale mail
rPois   .          Reflect  .    (helmet restricted)
rElec   .          Harm     .    (no cloak)
rCorr   .          Rampage  .    (no gloves)
Will    .....                    (no boots) Stlth
                                 (no amulet)
HPRegen 0.26/turn                (no ring)
MPRegen 0.08/turn                (no ring)

@: mighty
A: horns 2, retaliatory headbutt
a: no special abilities


You were on level 2 of the Dungeon.
You visited 1 branch of the dungeon, and saw 2 of its levels.

You collected 86 gold pieces.

Inventory:

Hand Weapons
 a - a +0 flail (weapon)
Armour
 b - a +0 scale mail (worn)
 c - a +0 buckler (worn)
Scrolls
 e - 4 scrolls of identify {unknown}
 k - a scroll of fog {unknown}
Potions
 f - a potion of cancellation {unknown}
 g - a potion of curing {unknown}
 h - a potion of resistance {unknown}
 i - a potion of degeneration {unknown}
 j - a potion of heal wounds {unknown}


   Skills:
 - Level 3.6 Fighting
 + Level 5.8 Maces & Flails
 - Level 3.6 Armour
 - Level 3.6 Shields


You had 3 spell levels left.
You didn't know any spells.
Your spell library was empty.

Dungeon Overview and Level Annotations

Branches:
Dungeon (2/15)

Altars:


Innate Abilities, Weirdness & Mutations

You have a pair of horns on your head.
You reflexively headbutt those who attack you in melee.


Message History

You feel sick. The adder barely misses you. The iguana bites you.
* * * LOW HITPOINT WARNING * * *
You closely miss the adder. You headbutt the adder.
You kill the adder!
You feel sick.
You are no longer poisoned.
The iguana bites you but does no damage.
You have reached level 4!
You feel agile.
You sock the iguana!
The iguana is almost dead.
The jackal bites you but does no damage.
You block the iguana's attack.
The jackal bites you but does no damage.
You barely miss the iguana.
The iguana is almost dead.
The jackal barely misses you. You furiously retaliate!
You headbutt the jackal!!
You kill the jackal!
The iguana closely misses you.
You sock the iguana!
You kill the iguana!
The gnoll barely misses you.
You closely miss the gnoll. Your headbutt misses the gnoll.
The endoplasm closely misses you. The gnoll hits you with a +0 club.
* * * LOW HITPOINT WARNING * * *
The endoplasm hits you.
* * * LOW HITPOINT WARNING * * *
You block the gnoll's attack.
You sock the gnoll!
The gnoll is heavily wounded.
The endoplasm barely misses you. You furiously retaliate!
You headbutt the endoplasm. The gnoll closely misses you.
You sock the gnoll!
You kill the gnoll!
The endoplasm freezes you.
You are frozen.
* * * LOW HITPOINT WARNING * * *
The worm bites you.
You die...

...########.....###.
.............##.###
...########...#...##
#### ###..##..###.. ####
##...#....# ...#
#.#...##... ##.###
#.#........ #...#
#.#J#.##... ###.#
#.#@#...... ....)..#
#..w.....# ..........
##.......# ............
.....[.....
........................
........####....>.......
..g.....# #.##.........
.>....... .. ##........
#. ##$....##


You could see a worm and an endoplasm.

Vanquished Creatures
  An iguana (D:2)
  3 gnolls
  An adder (D:2)
  3 ball pythons (D:1)
  4 bats (D:1)
  3 endoplasms (D:1)
  3 giant cockroaches
  A goblin (D:1)
  4 hobgoblins (D:1)
  4 jackals
  A quokka (D:1)
  5 frilled lizards (D:1)
  6 kobolds
  3 rats (D:2)
42 creatures vanquished.

Notes
Turn   | Place    | Note
-------+----------+-------------------------------------------
     0 | D:1      | DeathSun the Minotaur Fighter began the quest for the Orb.
     0 | D:1      | Reached XP level 1. HP: 19/19 MP: 0/0
   144 | D:1      | Reached skill level 3 in Maces & Flails
   194 | D:1      | Reached XP level 2. HP: 23/26 MP: 1/1
   275 | D:1      | Reached skill level 4 in Maces & Flails
   604 | D:1      | Reached XP level 3. HP: 31/31 MP: 2/2
   959 | D:2      | Reached skill level 5 in Maces & Flails
  1030 | D:2      | Reached XP level 4. HP: 10/39 MP: 3/3
  1036 | D:2      | Slain by a worm

Illustrated notes

Levels and vault maps discovered:
D:1:      minmay_arrival_checkered_box, layout_basic, minmay_pentomino_x4
D:2:      layout_rooms

Skill      XL: |  1  2  3 |
---------------+----------+-----
Maces & Flails | 3 4 5 |  5.8
Fighting       | |  3.6
Armour         | |  3.6
Shields        | |  3.6

Action                   |  1- 3 |  4- 6 || total
-------------------------+-------+-------++-------
Melee: Flail             |    95 |     6 ||   101
       Headbutt          |    12 |       ||    12
  Use: Potion            |     1 |       ||     1
Armor: Scale mail        |    42 |     2 ||    44
Dodge: Dodged            |    42 |     6 ||    48
Block: Buckler           |    18 |     2 ||    20

Table legend: (Time is in decaauts)
 A = Elapsed time spent in this place.
 B = Non-inter-level travel time spent in this place.
 C = Inter-level travel time spent in this place.
 D = Time resting spent in this place.
 E = Time spent auto-exploring this place.
 F = Levels seen in this place.
 G = Mean time per level.
                   A        B        C        D        E       F      G
               +--------+--------+--------+--------+--------+-----+--------+
         Total |   1059 |    980 |     79 |      0 |    718 |   2 |  529.5 |
       Dungeon |   1059 |    980 |     79 |      0 |    718 |   2 |  529.5 |
               +--------+--------+--------+--------+--------+-----+--------+

Top non-repeatable levels by time:
     D:1: 874 daAuts
     D:2: 184 daAuts
